AoeStats
← Destreza

Four Lakes

509982286Analyzed
1v1 RM · 5d ago on Sep 28, 2026· 25m 42s· 2 players
Game mode
Random Map
Map size
Tiny (2 player)
Population
200
Speed
Normal
Resources
Standard
Victory
Conquest
Starting age
Dark Age
Ending age
Imperial Age
RankedLock teamsTeams togetherTeam positionsShared explorationLock speedFull tech treeHidden civsTurbo modeCheats
Victory
Defeat
🇪🇸 Bohemians · Spain
1295
+15
🇦🇷 Lithuanians · Argentina
1270
-15
Destreza
11:34 Feudal Age
9:50 Loom
15:24 Double-Bit Axe
17:51 Castle Age
15:38 Horse Collar
17:23 Gold Mining
18:27 Scale Barding Armor
19:45 Bow Saw
22:20 Bloodlines
23:20 Heavy Plow
24:19 Forging
24:32 Town Watch
李佳遥耶耶耶
10:11 Feudal Age
12:06 Loom
14:40 Double-Bit Axe
17:49 Castle Age
15:56 Double-Bit Axe
15:55 Fishing Lines
18:42 Padded Archer Armor
19:02 Gillnets
20:30 Chemistry
19:55 Bow Saw
22:56 Leather Archer Armor
Connection lost

Rejoining the realm…

Still unreachable

The connection could not be restored.

Session expired

The server has moved on; the page needs a fresh start.